 Dungeon Crawl Stone Soup version 0.28-a0-1415-g7c84da036a (webtiles) character file.

Game seed: 9256376544859116976

956 backslashecho the Conjurer (level 8, -3/48 HPs)
             Began as a Tengu Fire Elementalist on Jan 4, 2022.
             Slain by a gnoll sergeant (14 damage)
             ... on level 6 of the Dungeon on Jan 8, 2022.
             The game lasted 00:20:08 (7823 turns).

backslashecho the Conjurer (TeFE)                   Turns: 7823, Time: 00:20:09

Health: -3/48      AC:  7    Str:  9    XL:     8   Next: 14%
Magic:  22/25      EV: 18    Int: 23    God:
Gold:   247        SH:  0    Dex: 15    Spells: 13/16 levels left

rFire   . . .      SeeInvis .   s - +9 spear "Wiasoh" {freeze, MP+9 Int+6}
rCold   . . .      Faith    .   (no shield)
rNeg    . . .      Spirit   .   a - +0 robe
rPois   .          Reflect  .   (helmet restricted)
rElec   .          Harm     .   f - +0 cloak
rCorr   .          Rampage  .   (no gloves)
Will    .....                   (boots unavailable)
Stlth   ++........              (no amulet)
HPRegen 0.16/turn               h - +4 ring of protection
MPRegen 0.19/turn               k - +4 ring of evasion

@: flying quickly and evasively, quick
A: beak, talons 3, nimble flight
a: no special abilities


You were on level 6 of the Dungeon.
You visited 1 branch of the dungeon, and saw 6 of its levels.

You collected 247 gold pieces.

Inventory:

Hand Weapons
 e - a +1 trident of venom
 s - the +9 spear "Wiasoh" (weapon) {freeze, MP+9 Int+6}
   (You found it on level 5 of the Dungeon)

   It freezes those it strikes, dealing additional cold damage.
   It can also slow down cold-blooded creatures.
   Int:       It affects your intelligence (+6).
   MP:        It affects your magic capacity (+9).
Missiles
 p - 2 throwing nets
 r - 15 poisoned darts
Armour
 a - a +0 robe (worn)
 f - a +0 cloak (worn)
 w - a +2 tower shield of protection
Jewellery
 g - a ring of see invisible
 h - a +4 ring of protection (left hand)
 k - a +4 ring of evasion (right hand)
 l - a ring of protection from cold
 z - an amulet of regeneration
Wands
 j - a wand of flame (13)
Scrolls
 c - 2 scrolls of fear
 i - 4 scrolls of identify
 n - a scroll of holy word {unknown}
 o - a scroll of magic mapping {unknown}
 q - 3 scrolls of enchant weapon
 t - 4 scrolls of enchant armour {unknown}
 u - a scroll of amnesia
 v - a scroll of teleportation
 y - a scroll of summoning {unknown}
Potions
 b - 3 potions of berserk rage
 d - 4 potions of curing
 m - 2 potions of might {unknown}
 x - a potion of flight {unknown}


   Skills:
 + Level 4.6 Fighting
 - Level 2.1 Dodging
 - Level 2.0 Stealth
 + Level 4.7 Spellcasting
 + Level 6.6 Conjurations
 - Level 5.0 Fire Magic


You had 13 spell levels left.
You knew the following spells:

 Your Spells              Type           Power      Damage    Failure   Level
a - Foxfire               Conj/Fire      100%       2x1d9     1%          1
c - Scorch                Fire           56%        2d8       1%          2

Your spell library contained the following spells:

 Spells                   Type           Power      Damage    Failure   Level
 Conjure Flame            Conj/Fire      32%        6-21      2%          3
 Flame Wave               Conj/Fire      32%        2d7       9%          4
 Summon Small Mammal      Summ           20%        N/A       10%         1
 Inner Flame              Hex/Fire       16%        N/A       11%         3
 Call Canine Familiar     Summ           5%         N/A       28%         3
 Portal Projectile        Hex/Tloc       10%        N/A       28%         3
 Summon Guardian Golem    Hex/Summ       5%         N/A       28%         3
 Leda's Liquefaction      Hex/Erth       2%         N/A       67%         4


Dungeon Overview and Level Annotations

Branches:
Dungeon (6/15)             Temple (0/1) D:6

Altars:
Beogh


Innate Abilities, Weirdness & Mutations

You have a beak for a mouth.
You have claws for feet.
Your magical nature lets you fly swiftly and evasively.


Message History

The foxfire hits the gnoll.
The gnoll is lightly wounded.
You now have 23/25 mp.
Casting: Foxfire (safe; 1% risk of failure)
Confirm with . or Enter, or press ? or * to list all spells.
You conjure some foxfire!
The foxfire hits the gnoll.
The gnoll is heavily wounded.
The foxfire hits the gnoll but does no damage.
The gnoll is heavily wounded.
The gnoll hits you with a +0 flail!
You take 8 damage, and have 40/48 hp.
You now have 22/25 mp.
You hit the gnoll. You freeze the gnoll.
The gnoll is severely wounded.
The foxfire hits the gnoll sergeant.
The gnoll sergeant is lightly wounded.
The foxfire hits the gnoll.
The gnoll is almost dead.
The gnoll sergeant hits you from afar with a +4 trident of venom.
The gnoll barely misses you.
You take 6 damage, and have 34/48 hp.
You puncture the gnoll! You freeze the gnoll.
You kill the gnoll!
The gnoll sergeant hits you from afar with a +4 trident of venom!
You are lethally poisoned!
You take 15 damage, and have 19/48 hp.
MASSIVE DAMAGE!!
Casting: Foxfire (safe; 1% risk of failure)
Confirm with . or Enter, or press ? or * to list all spells.
You conjure some foxfire!
* * * LOW HITPOINT WARNING * * *
You feel very sick.
The gnoll sergeant hits you from afar with a +4 trident of venom!
* * * LOW HITPOINT WARNING * * *
You are more poisoned.
You take 18 damage, and have 1/48 hp.
MASSIVE DAMAGE!!
You now have 22/25 mp.
You feel better.
The foxfire hits the gnoll sergeant.
The gnoll sergeant is lightly wounded.
The foxfire hits the gnoll sergeant!
The gnoll sergeant is heavily wounded.
The gnoll sergeant hits you from afar with a +4 trident of venom!
You die...

### #....##.#.#.###≈§
..... +........))...#≈≈
.##..##....##.#.#.#.#≈≈
...........##.#.#.#.#≈≈
.###..#.##.##.#.#.# #≈§
##.#.##.##.#.#.# #≈§
#.#.##.##.#.#.# #§§
###...##.##.#.#.# #≈≈
#...@§.#.##.#.#.# #≈≈
#.##).##.# #.# #≈≈ #
..g.#.. ### #.#..#
#..... .......
.##.##... .>..


You could see a gnoll sergeant.

Vanquished Creatures
  An ice beast (D:6)
  The ghost of riojii the Sneak, an amateur KoEn (D:3)
  A scorpion (D:5)
  A killer bee (D:5)
  A bullfrog skeleton (D:5)
  3 hounds
  Crazy Yiuf (D:2)
  A centaur skeleton (D:5)
  A gnoll shaman (D:5)
  3 iguanas (D:5)
  Natasha (thrice) (D:4)
  2 orc wizards (D:5)
  A hound zombie (D:5)
  11 gnolls
  4 adders
  2 shadow imps
  2 white imps (D:5)
  An ufetubus (D:5)
  3 dart slugs
  11 orcs
  6 bats
  5 endoplasms
  7 giant cockroaches
  6 goblins
  4 hobgoblins
  2 jackals (D:4)
  5 kobolds
  3 quokkas
  5 ball pythons
  4 frilled lizards
  6 rats
107 creatures vanquished.

Vanquished Creatures (others)
  336 foxfires
336 creatures vanquished.

Grand Total: 443 creatures vanquished

Notes
Turn   | Place    | Note
-------+----------+-------------------------------------------
     0 | D:1      | backslashecho the Tengu Fire Elementalist began the quest
                  | for the Orb.
     0 | D:1      | Reached XP level 1. HP: 10/10 MP: 4/4
     2 | D:1      | Upgraded the game from 0.28-a0-1395-g4f6bc678fa to
                  | 0.28-a0-1415-g7c84da036a
   372 | D:1      | Reached XP level 2. HP: 16/16 MP: 4/6
   805 | D:1      | Reached skill level 2 in Conjurations
   996 | D:1      | Reached skill level 1 in Fighting
  1002 | D:1      | Found a faded altar of an unknown god.
  1596 | D:2      | Reached XP level 3. HP: 20/20 MP: 2/7
  1986 | D:2      | Learned a level 2 spell: Scorch
  2292 | D:2      | Reached XP level 4. HP: 25/25 MP: 4/8
  2468 | D:2      | Reached skill level 3 in Conjurations
  2830 | D:2      | Found a runed translucent door.
  2831 | D:2      | Noticed Crazy Yiuf
  3058 | D:2      | Killed Crazy Yiuf
  3250 | D:3      | Gained mutation: Your magical nature lets you fly swiftly
                  | and evasively. [Tengu growth]
  3250 | D:3      | Reached XP level 5. HP: 30/30 MP: 10/10
  3365 | D:3      | Found a runed translucent door.
  3365 | D:3      | Noticed riojii's ghost (amateur KoEn)
  4298 | D:3      | Killed riojii's ghost
  4299 | D:3      | Reached skill level 4 in Conjurations
  4617 | D:4      | Noticed Natasha
  4622 | D:4      | Killed Natasha
  4623 | D:4      | Reached XP level 6. HP: 36/36 MP: 6/11
  5857 | D:4      | Noticed Natasha
  5861 | D:4      | Killed Natasha
  5960 | D:5      | Entered Level 5 of the Dungeon
  6283 | D:4      | Noticed Natasha
  6288 | D:4      | Killed Natasha
  6289 | D:4      | Reached XP level 7. HP: 36/41 MP: 5/13
  6455 | D:5      | Reached skill level 5 in Conjurations
  6469 | D:5      | Reached skill level 5 in Fire Magic
  6695 | D:5      | Identified the +9 spear "Wiasoh" {freeze, MP+9 Int+6}
  7365 | D:5      | Reached skill level 6 in Conjurations
  7635 | D:6      | Reached XP level 8. HP: 48/48 MP: 15/15
  7716 | D:6      | Found a staircase to the Ecumenical Temple.
  7822 | D:6      | HP: 1/48 [gnoll sergeant (13)]
  7823 | D:6      | Slain by a gnoll sergeant

Illustrated notes

Levels and vault maps discovered:
D:1:      matt_arrival_los_fun, layout_basic,
          hellmonk_ecumenical_altar_defaced_shrine
D:2:      layout_basic, minmay_misc_feat_chi, uniq_crazy_yiuf_cottage
D:3:      layout_loops_corners, hellmonk_ghost_happy_afterlife
D:4:      layout_layer_cave, roderic_serpentine_path, corexii_checkpoint_a,
          wad_orctagon, uniq_natasha
D:5:      minmay_chambers_of_fours, layout_loops_ring
D:6:      layout_basic, mainiacjoe_overflow_tiny_flanked,
          minmay_temple_entry_poolview

Skill      XL: |  1  2  3  4  5  6  7 |
---------------+----------------------+-----
Conjurations   | 2 3 4 6 |  6.6
Fighting       | 1 2 3 4 |  4.6
Fire Magic     | 4 5 |  5.0
Spellcasting   | 3 4 |  4.7
Dodging        | |  2.1
Stealth        | |  2.0

Action                   |  1- 3 |  4- 6 |  7- 9 || total
-------------------------+-------+-------+-------++-------
Melee: Quarterstaff      |       |     5 |       ||     5
       Short sword       |       |     1 |       ||     1
       Trident           |       |     7 |     1 ||     8
       Kick              |       |     2 |     4 ||     6
       Peck              |       |     1 |     1 ||     2
       Spear             |       |       |    15 ||    15
 Cast: Foxfire           |    50 |    96 |    61 ||   207
       Scorch            |       |     6 |     8 ||    14
  Use: Scroll            |     1 |     7 |       ||     8
       Potion            |       |       |     1 ||     1
 Stab: Sleeping          |       |     1 |       ||     1
Armor: Robe              |     1 |     6 |    11 ||    18
Dodge: Dodged            |    13 |    24 |    20 ||    57

Table legend: (Time is in decaauts)
 A = Elapsed time spent in this place.
 B = Non-inter-level travel time spent in this place.
 C = Inter-level travel time spent in this place.
 D = Time resting spent in this place.
 E = Time spent auto-exploring this place.
 F = Levels seen in this place.
 G = Mean time per level.
                   A        B        C        D        E       F      G
               +--------+--------+--------+--------+--------+-----+--------+
         Total |   7524 |   6950 |    574 |    323 |   5572 |   6 | 1254.0 |
       Dungeon |   7524 |   6950 |    574 |    323 |   5572 |   6 | 1254.0 |
               +--------+--------+--------+--------+--------+-----+--------+

Top non-repeatable levels by time:
     D:1: 1763 daAuts
     D:4: 1726 daAuts
     D:2: 1458 daAuts
     D:5: 1255 daAuts
     D:3: 1097 daAuts
     D:6: 224 daAuts
